 Dungeon Crawl Stone Soup version 0.19.5 (webtiles) character file.

164 Kisielow the Changer (level 5, 0/37 HPs)
             Began as a Merfolk Transmuter on May 17, 2017.
             Succumbed to Blork the orc's poison
             ... on level 4 of the Dungeon.
             The game lasted 00:05:15 (4030 turns).

Kisielow the Changer (Merfolk Transmuter)           Turns: 4030, Time: 00:05:15

Health: 0/37       AC:  2    Str: 10    XL:     5   Next: 45%
Magic:  6/8        EV: 21    Int: 13    God:
Gold:   87         SH:  0    Dex: 20    Spells: 2 memorised, 4 levels left

rFire  . . .     SeeInvis .       - Unarmed
rCold  + . .     Gourm    .     (armour currently unavailable)
rNeg   . . .     Faith    .     (shield currently unavailable)
rPois  x         Spirit   .     (helmet currently unavailable)
rElec  .         Reflect  .     (cloak currently unavailable)
rCorr  .         Harm     .     (gloves currently unavailable)
MR     .....                    (boots currently unavailable)
Stlth  ++........               p - amulet of regeneration
                                (no ring)
                                t - ring of protection from cold

@: lethally poisoned (0 -> -4), spider-form (expiring)
A: (change form in water), (swift swim), (stealthy swim)
a: End Transformation


You were on level 4 of the Dungeon.
You were not hungry.
You were a venomous arachnid creature.
You visited 1 branch of the dungeon, and saw 4 of its levels.

You collected 87 gold pieces.

Inventory:

Missiles
 a - 45 arrows
Armour
 b - a +1 robe (melded)
Jewellery
 p - an amulet of regeneration (around neck)
 t - a ring of protection from cold (left front leg)
Scrolls
 l - 2 scrolls of enchant weapon
 q - a scroll of enchant armour
Potions
 e - a potion of lignification
 i - a potion of beneficial mutation
 m - a potion of heal wounds {unknown}
 n - 2 potions of ambrosia {unknown}
 u - a potion of flight {unknown}
Books
 c - a book of Changes

   Spells                             Type                      Level
   a - Beastly Appendage              Transmutation                1
   b - Sticks to Snakes               Transmutation                2
   c - Spider Form                    Transmutation/Poison         3
   d - Ice Form                       Ice/Transmutation            4
   e - Blade Hands                    Transmutation                5
Comestibles
 d - 4 bread rations
 f - 2 fruits
 j - 2 meat rations


   Skills:
 - Level 1.1 Fighting
 - Level 2.6 Dodging
 - Level 5.0 Unarmed Combat
 - Level 2.0 Spellcasting
 * Level 5.7 Transmutations


You had 4 spell levels left.
You knew the following spells:

 Your Spells              Type           Power        Failure   Level  Hunger
a - Beastly Appendage     Tmut           ###...       10%         1    ##.....
q - Spider Form           Tmut/Pois      #.........   50%         3    ####...


Dungeon Overview and Level Annotations

Branches:
Dungeon (4/15)
 Temple: D:4-7

Altars:
Ashenzari
Yredelemnul

Annotations:
D:4 Blork the orc


Message History

* * * LOW HITPOINT WARNING * * *
You feel sick.
* * * LOW HITPOINT WARNING * * *
You feel sick.
* * * LOW HITPOINT WARNING * * *
You feel sick.
* * * LOW HITPOINT WARNING * * *
You feel sick.
Blork the orc points at you and mumbles some strange words.
The magic dart hits you!
* * * LOW HITPOINT WARNING * * *
You see here 18 poisoned needles.
* * * LOW HITPOINT WARNING * * *
You feel sick.
* * * LOW HITPOINT WARNING * * *
You feel sick.
* * * LOW HITPOINT WARNING * * *
You feel sick.
There is a stone staircase leading up here.
You die...

#. #.#..### #.
#.#...)#
##.##.#.##.# #
##.......##.#.#
####.<.......#...#
..............#..#
##..>...[o.o..#..#
..............#..#
###...s..(..#####
....#.......##
##...##......# ###
...........
#####........
#....##... ..#..#
... #..... ..


You could see Blork the orc and an orc.

Vanquished Creatures
  An iguana (D:4)
  Terence (D:2)
  3 gnolls (D:3)
  An adder (D:3)
  An ooze (D:2)
  A worm (D:2)
  A dart slug (D:2)
  2 orcs (D:4)
  8 bats
  3 giant cockroaches
  7 goblins
  11 hobgoblins
  3 jackals (D:3)
  A quokka (D:2)
  A ball python (D:2)
  4 frilled lizards
  11 kobolds
  4 rats
64 creatures vanquished.

Notes
Turn   | Place    | Note
-------+----------+-------------------------------------------
     0 | D:1      | Kisielow the Merfolk Transmuter began the quest for the Orb.
     0 | D:1      | Reached XP level 1. HP: 15/15 MP: 3/3
   298 | D:1      | Reached XP level 2. HP: 19/21 MP: 5/5
   886 | D:1      | Reached XP level 3. HP: 26/26 MP: 6/6
  1906 | D:2      | Learned a level 3 spell: Spider Form
  2457 | D:2      | Reached skill level 5 in Unarmed Combat
  2809 | D:2      | Noticed Terence
  2820 | D:2      | Killed Terence
  2820 | D:2      | Reached XP level 4. HP: 24/32 MP: 3/7
  3128 | D:3      | Reached XP level 5. HP: 20/37 MP: 4/8
  3223 | D:3      | Reached skill level 5 in Transmutations
  3305 | D:3      | Found a basalt altar of Yredelemnul.
  3775 | D:3      | Found a shattered altar of Ashenzari.
  4014 | D:4      | Noticed Blork the orc
  4028 | D:4      | HP: 1/37 [poisoned by Blork the orc]
  4030 | D:4      | Succumbed to Blork the orc's poison

Skill      XL: |  1  2  3  4  5 |
---------------+----------------+-----
Unarmed Combat | 4 5 |  5.0
Transmutations | 4 5 |  5.7
Fighting       | |  1.1
Dodging        | |  2.6
Spellcasting   | |  2.0

Action                   |  1- 3 |  4- 6 || total
-------------------------+-------+-------++-------
Melee: Unarmed           |   160 |    71 ||   231
       Punch             |     1 |     1 ||     2
 Cast: Spider Form       |     1 |     6 ||     7
  Use: Scroll            |       |     9 ||     9
  Eat: Chunk             |     6 |     4 ||    10
       Fruit             |       |     1 ||     1
Armor: Robe              |    26 |    13 ||    39
       Skin              |       |     1 ||     1
Dodge: Dodged            |   105 |    70 ||   175
